 Dungeon Crawl Stone Soup version 0.28.0-45-g0d030f2227 (webtiles) character file.

Game seed: 5603186212384468303

7149 Descartes the Trollish Disaster (level 10, -1/87 HPs)
             Began as a Troll Warper on Apr 6, 2022.
             Was a Believer of Qazlal.
             Slain by a yak (14 damage)
             ... on level 8 of the Dungeon.
             The game lasted 00:20:14 (8610 turns).

Descartes the Trollish Disaster (Troll Warper)      Turns: 8610, Time: 00:20:14

Health: -1/87      AC:  7    Str: 21    XL:     10   Next: 86%
Magic:  15/16      EV: 11    Int: 13    God:    Qazlal [**....]
Gold:   405        SH:  7    Dex: 15    Spells: 6/13 levels left

rFire   + . .      SeeInvis .     - Unarmed
rCold   + . .      Faith    .   (no shield)
rNeg    . . .      Spirit   .   r - +1 troll leather armour {Pargi}
rPois   .          Reflect  +   (helmet restricted)
rElec   .          Harm     .   (no cloak)
rCorr   .          Rampage  .   (gloves unavailable)
Will    .....                   (boots unavailable)
Stlth   +.........              p - amulet of reflection
HPRegen 1.84/turn               q - +6 ring of dexterity
MPRegen 0.15/turn               j - ring of Gimaineu {rF+ rC+}

@: studying 2 skills
A: large, unfitting armour, claws 3, regeneration 1, shaggy fur 1, tough skin 1
a: Renounce Religion, Upheaval


You were on level 8 of the Dungeon.
You worshipped Qazlal.
Qazlal was pleased with you.
You visited 3 branches of the dungeon, and saw 12 of its levels.
You also visited: Sewer.

You collected 426 gold pieces.
You donated 21 gold pieces to Zin.

Inventory:

Hand Weapons
 x - a +2 dagger of freezing
 R - a +0 scimitar of flaming
 T - the +3 dagger "Death Rattle" {drain, rPois rN+++ Str-3 Dex+3}
   (You found it on level 8 of the Dungeon)

   A truly terrible weapon, it drains the life of any living foe it strikes.
   Str:       It affects your strength (-3).
   Dex:       It affects your dexterity (+3).
   rPois:     It protects you from poison.
   rN:        It renders you almost immune to negative energy.
Missiles
 a - 2 throwing nets
 c - 5 boomerangs of dispersal (quivered)
 d - 5 silver javelins
 f - 194 stones
 g - 52 sling bullets
 l - 7 javelins
 n - 8 boomerangs
 v - 38 poisoned darts
 P - 3 silver boomerangs
Armour
 r - a +1 troll leather armour (worn) {Pargi}
 S - a +2 robe of willpower
Jewellery
 j - the ring of Gimaineu (right claw) {rF+ rC+}
   (You acquired it on level 7 of the Dungeon)

   [ring of protection from fire]

   rF:        It protects you from fire.
   rC:        It protects you from cold.
 p - an amulet of reflection (around neck)
 q - a +6 ring of dexterity (left claw)
 w - a +6 ring of intelligence
Wands
 J - a wand of iceblast (21)
Scrolls
 b - 3 scrolls of blinking
 e - 3 scrolls of teleportation
 h - 6 scrolls of noise
 k - a scroll of identify
 s - 2 scrolls of fear
 t - 2 scrolls of silence
 u - a scroll of enchant armour
 F - a scroll of amnesia {unknown}
 G - 2 scrolls of fog
 L - a scroll of immolation {unknown}
 M - a scroll of torment {unknown}
 O - a scroll of vulnerability
Potions
 i - 2 potions of brilliance
 m - a potion of attraction {unknown}
 o - 3 potions of mutation {unknown}
 z - 2 potions of ambrosia {unknown}
 A - a potion of heal wounds {unknown}
 B - a potion of haste {unknown}
 C - a potion of berserk rage {unknown}
 D - a potion of invisibility {unknown}
 E - a potion of might {unknown}
 I - 2 potions of flight {unknown}
 K - 2 potions of lignification {unknown}
 Q - a potion of magic {unknown}
 U - a potion of resistance {unknown}


   Skills:
 - Level 2.0 Fighting
 + Level 2.0(3.1) Slings
 - Level 5.0(5.3) Throwing
 - Level 5.0 Dodging
 + Level 8.7 Unarmed Combat
 - Level 2.0 Spellcasting
 + Level 6.8 Translocations
 + Level 9.3 Invocations


You had 6 spell levels left.
You knew the following spells:

 Your Spells              Type           Power      Damage    Failure   Level
a - Manifold Assault      Tloc           19%        N/A       45%         5
b - Blink                 Tloc           38%        N/A       2%          2

Your spell library contained the following spells:

 Spells                   Type           Power      Damage    Failure   Level
 Gell's Gravitas          Tloc           19%        N/A       5%          3
 Lesser Beckoning         Tloc           19%        N/A       5%          3
 Teleport Other           Tloc           19%        N/A       5%          3
 Magic Dart               Conj           4%         1d3       28%         1
 Corpse Rot               Necr/Air       2%         N/A       41%         2
 Poisonous Vapours        Pois/Air       2%         N/A       41%         2
 Searing Ray              Conj           2%         2d4       41%         2
 Tukima's Dance           Hex            1%         N/A       65%         3
 Anguish                  Hex/Necr       0%         N/A       96%         4
 Fulminant Prism          Conj/Hex       0%         3d6       96%         4
 Enfeeble                 Hex            0%         N/A       100%        7


Dungeon Overview and Level Annotations

Branches:
Dungeon (10/15)            Temple (1/1) D:6            Lair (1/6) D:8
  Sewer (visited)
    Orc: D:9-12

Altars:
Ashenzari
Cheibriados
Dithmenos
Elyvilon
Fedhas
Gozag
Hepliaklqana
Kikubaaqudgha
Makhleb
Nemelex Xobeh
Okawaru
Qazlal
Ru
Sif Muna
Trog
Uskayaw
Vehumet
Wu Jian
Xom
Yredelemnul
Zin
The Shining One
Jiyva


Innate Abilities, Weirdness & Mutations

You are too large for most types of armour.
You have claws for hands.
Your natural rate of healing is unusually fast.
You are covered in fur. (AC +1)
You have tough skin. (AC +1)


Message History

You claw the yak!
The yak is almost dead.
The yak barely misses you. You block the yak's attack.
You completely miss the yak.
The yak is almost dead.
The yak gores you! The yak closely misses you.
You barely miss the yak.
The yak is almost dead.
The yak gores you! x2; The yak barely misses you.
The yak misses you.
Unknown command.
You closely miss the yak.
The yak is severely wounded.
The yak gores you! You block the yak's attack. The yak barely misses you.
Unknown command.
You scratch the yak.
The yak is almost dead.
You block the yak's attack. You block the yak's attack.
The yak closely misses you. The bullfrog hits you.
You climb upwards.
Welcome back to the Dungeon!
There is a staircase to the Lair here.
You claw the yak!
You kill the yak!
Qazlal accepts your kill. You block the yak's attack. The yak gores you.
Your base Slings skill increases to level 2!
You closely miss the yak. The yak gores you! The yak closely misses you.
The yak gores you!
You are too injured to fight recklessly!
Unknown command.
You are too injured to fight recklessly!
You are too injured to fight recklessly!
Unknown command.
You are too injured to fight recklessly!
Unknown command.
You barely miss the yak. You block the yak's attack. The yak gores you!
* * * LOW HITPOINT WARNING * * *
The yak gores you!
* * * LOW HITPOINT WARNING * * *
You scratch the yak but do no damage. The yak gores you!
You die...

......# #...............##.....#
#####.###....≈.≈.≈..≈≈..##.....#
#........≈.≈≈≈≈.≈...########
###....≈≈.≈.≈≈≈≈≈...#
##.#....≈≈≈≈≈≈≈≈≈≈.≈#
###.##....≈≈≈≈≈≈≈≈≈≈≈≈###
#...###.≈≈≈≈.≈.≈.≈≈≈≈≈..##
#.#.###..≈≈≈.Y.§≈≈≈≈≈≈...#
#.##.##.≈≈≈.≈.@§.≈≈≈≈≈#..#
###.###...≈≈≈≈..YY≈≈≈≈≈≈#..#
...........≈≈≈....≈≈≈≈≈≈#..#
.......##..≈≈≈.≈..≈≈≈≈≈.#..#
###>##.##...≈≈≈...≈≈≈≈..#..#
##.........≈≈≈≈.≈≈≈≈≈..#..#
#.........≈≈≈≈≈.≈≈≈..≈....#
##.###.##..≈≈≈≈≈.≈≈≈≈...##.#
...........≈≈≈.≈.≈≈≈≈≈≈.##.#


You could see 3 yaks.

Vanquished Creatures
  Erica (D:8)
  The ghost of Ablot the Magician, a novice GnWr of Okawaru (D:9)
  A troll (D:8)
  A slime creature (D:9)
  7 yaks
  A basilisk (D:8)
  4 water moccasins
  Pargi (Sewer)
  3 black bears
  3 ice beasts
  3 orc warriors
  A hornet zombie (D:8)
  2 wolves (D:8)
  An ogre (D:5)
  A phantom (D:6)
  3 kobold brigands
  A scorpion (D:5)
  A gnoll sergeant (D:7)
  A water moccasin skeleton (D:7)
  A wight (D:4)
  18 killer bees
  2 howler monkeys (D:8)
  3 centaur zombies
  2 jellies (D:9)
  A bullfrog skeleton (D:4)
  7 hounds
  8 orc priests
  A gnoll shaman (D:7)
  3 iguanas
  Natasha (thrice) (D:2)
  8 orc wizards
  4 killer bee zombies
  2 hound skeletons
  A howler monkey zombie (D:9)
  Robin (D:3)
  10 adders
  6 gnolls (D:7)
  A shadow imp (D:5)
  2 white imps
  An adder skeleton (D:5)
  3 worms
  25 orcs
  8 ball pythons
  4 bats
  2 endoplasms (D:1)
  7 giant cockroaches
  10 goblins
  11 hobgoblins
  3 jackals (D:1)
  5 quokkas
  4 frilled lizards (D:2)
  22 kobolds
  6 rats
232 creatures vanquished.

Notes
Turn   | Place    | Note
-------+----------+-------------------------------------------
     0 | D:1      | Descartes the Troll Warper began the quest for the Orb.
     0 | D:1      | Reached XP level 1. HP: 19/19 MP: 1/1
     6 | D:1      | Noticed a wolf
     6 | D:1      | Noticed a lindwurm
     6 | D:1      | Noticed a komodo dragon
     7 | D:1      | Noticed a black bear
    79 | D:1      | Reached skill level 1 in Throwing
   219 | D:1      | Reached XP level 2. HP: 28/28 MP: 3/3
   549 | D:2      | Reached XP level 3. HP: 14/35 MP: 4/4
   644 | D:2      | Noticed Natasha
   651 | D:2      | Killed Natasha
   744 | D:2      | Noticed Natasha
   760 | D:2      | Killed Natasha
   761 | D:2      | Reached XP level 4. HP: 33/42 MP: 5/5
   806 | D:2      | Noticed Natasha
   813 | D:2      | Killed Natasha
   881 | D:2      | Reached XP level 5. HP: 49/49 MP: 6/6
   931 | D:2      | Found a faded altar of an unknown god.
  1002 | D:2      | Prayed at the altar of an unknown god.
  1002 | D:2      | Became a worshipper of Zin the Law-Giver
  1002 | D:2      | Reached * piety under Zin
  1157 | D:3      | Found a glowing drain.
  1172 | Sewer    | Entered a sewer
  1183 | Sewer    | Noticed Pargi
  1191 | Sewer    | Killed Pargi
  1192 | Sewer    | Reached XP level 6. HP: 47/57 MP: 6/8
  1271 | Sewer    | Reached skill level 1 in Invocations
  1404 | D:3      | Noticed Robin
  1418 | D:3      | Killed Robin
  2039 | D:4      | Learned a level 5 spell: Manifold Assault
  2042 | D:4      | Learned a level 2 spell: Blink
  2046 | D:4      | Reached ** piety under Zin
  2053 | D:4      | Noticed an ice beast
  2068 | D:4      | Killed an ice beast
  2069 | D:4      | Reached XP level 7. HP: 63/65 MP: 9/9
  2263 | D:4      | Reached skill level 2 in Invocations
  2718 | D:5      | Entered Level 5 of the Dungeon
  3097 | D:5      | Reached XP level 8. HP: 72/72 MP: 10/10
  3289 | D:5      | Reached skill level 3 in Invocations
  3806 | D:5      | Reached *** piety under Zin
  4015 | D:6      | Found a staircase to the Ecumenical Temple.
  4022 | D:6      | Reached skill level 5 in Unarmed Combat
  4026 | Temple   | Entered the Ecumenical Temple
  4461 | Temple   | Fell from the grace of Zin
  4461 | Temple   | Became a worshipper of Qazlal Stormbringer
  4541 | D:6      | HP: 3/72 [orc warrior/+0 mace (9)]
  4750 | D:6      | Reached skill level 4 in Invocations
  4892 | D:6      | Found a blossoming altar of Fedhas.
  4984 | D:6      | Reached XP level 9. HP: 78/79 MP: 11/11
  5025 | D:6      | Found an opulent altar of Gozag.
  5617 | D:7      | Reached skill level 5 in Throwing
  5695 | D:7      | Reached skill level 5 in Dodging
  5757 | D:7      | Identified 2 scrolls of acquirement
  5761 | D:7      | Acquired a manual of Invocations
  5762 | D:7      | Acquired the ring of Gimaineu {rF+ rC+}
  5979 | D:6      | Reached * piety under Qazlal
  5990 | D:6      | Reached skill level 5 in Translocations
  5990 | D:6      | Reached skill level 5 in Invocations
  6276 | D:8      | Noticed a troll
  6283 | D:8      | Killed a troll
  6319 | D:8      | Reached skill level 6 in Invocations
  6352 | D:8      | Found a staircase to the Lair.
  6406 | D:8      | Noticed Erica
  6513 | D:8      | Killed Erica
  6514 | D:8      | Reached skill level 7 in Invocations
  6514 | D:8      | Reached XP level 10. HP: 49/87 MP: 12/14
  6747 | D:8      | Identified the +3 dagger "Death Rattle" {drain, rPois rN+++
                  | Str-3 Dex+3}
  7235 | D:9      | Found a runed translucent gate.
  7236 | D:9      | Found a runed translucent gate.
  7237 | D:9      | Found a runed translucent gate.
  7243 | D:9      | Reached ** piety under Qazlal
  7356 | D:9      | Reached skill level 8 in Invocations
  8370 | D:9      | Noticed Ablot's ghost (novice GnWr)
  8384 | D:9      | Found a viscous altar of Jiyva.
  8405 | D:9      | Reached skill level 9 in Invocations
  8431 | D:9      | Killed Ablot's ghost
  8432 | D:9      | Reached skill level 1 in Slings
  8472 | D:10     | Entered Level 10 of the Dungeon
  8509 | D:10     | Noticed a seven-headed hydra
  8595 | Lair:1   | Entered Level 1 of the Lair of Beasts
  8610 | D:8      | Slain by a yak

Illustrated notes

Levels and vault maps discovered:
D:1:      onia_arrival_zoo_common, layout_basic
D:2:      layout_basic, ebering_ecumenical_altar_box, uniq_natasha
D:3:      layout_basic, gup_sewer_entry_pipe, serial_bayou_pond_c, uniq_robin
D:4:      layout_basic, corexii_checkpoint_a, minmay_manual_maat
D:5:      layout_basic
D:6:      layout_loops_ring, fedhas_altar_3, grunt_gozag_statues,
          minmay_temple_entry_antechambers, minmay_liquid_box
D:7:      layout_basic, chequers_garden
D:8:      layout_loops_ring, erik_lair_island, uniq_erica
D:9:      layout_rooms, gammafunk_ghost_ooze
D:10:     layout_roguey
Temple:   mainiacjoe_temple_big_plus
Lair:1:   layout_regular_city

Skill      XL: |  1  2  3  4  5  6  7  8  9 10 |
---------------+-------------------------------+-----
Throwing       | 1 2 3 4 5 |  5.0
Dodging        | 2 3 4 5 |  5.0
Fighting       | 2 |  2.0
Unarmed Combat | 3 4 5 7 8 |  8.7
Spellcasting   | 2 |  2.0
Invocations    | 1 2 4 7 9 |  9.3
Translocations | 3 4 5 6 |  6.8
Slings         | 2 |  2.0

Action                   |  1- 3 |  4- 6 |  7- 9 | 10-12 || total
-------------------------+-------+-------+-------+-------++-------
Melee: Unarmed           |   112 |   159 |   433 |   228 ||   932
       Punch             |       |     5 |    12 |    13 ||    30
Invok: Recite            |       |       |     1 |       ||     1
  Use: Scroll            |       |     3 |     8 |     2 ||    13
       Potion            |       |       |     1 |     2 ||     3
 Stab: Sleeping          |     1 |     2 |     2 |       ||     5
Armor: Robe              |    51 |    21 |       |       ||    72
       Troll leather arm |       |    35 |   123 |    82 ||   240
Dodge: Dodged            |    68 |    72 |   279 |   160 ||   579
Block: Other             |       |       |     8 |    21 ||    29
